Unix NetHack Version 5.0.0-0 post-release - last build Jun 10 2026 00:39:30 (3ee93aec679c4c4259841fe613dc97188e26a321,branch:main).

Game began 2026-06-18 17:33:48, ended 2026-06-23 11:46:30.

DiePARTEI, neutral male human Tourist

                                   a         a
                                 a ---------
                                   |...@...|
                                   |.......| A
   A          @                   A|..._...|                      @     @
    A                              |....@..|                    q         q
                        A  @    |  |.......| a|   SaSSSSS      S    @     A
    @     @@          q         |. ----@----a.|  aS@S@HASS  -SAS      @
   A     @           @ @ A   a@ |..@....A....a|   QSSSaA&Sa@z SS SS@A @
   @     A    @AA     &         ---H...w....---  aa@aHfHS@   SAS@         @
         w             @    A     -----|-----     QqSSSaA     S B  A
   @           @                    .......--      --0--       A
                                    %))$....-- -----aAJ-----   S     a    @
                   @          ...| ....$a....|..aS@fBH@a@ABS|
                              ...--..*AH$..a--..&..w~H~wSSHN|
                              ..a.--...fW..--..NwwaTa~A~~~@a|
                           ...  ...----|----...wa..a.Aa.TASx|
                          ....  ..........+........T.aQ@.T.q|
                           --   -------------------     -----
DiePARTEI the Explorer      St:25 Dx:17 Co:18 In:21 Wi:21 Ch:18  Neutral
Astral Plane $:4  HP:0(189) Pw:73(152) AC:-42 Xp:26 T:66760  Burdened Blind Fly

Latest messages:
 You start playing your magic harp.
 Your magic harp produces a lilting melody.
 You hear a chugging sound.
 Famine moves the fire ant out of the way!
 The snake misses!
 Death moves the fire ant out of the way!
 The snake misses!
 The displacer beast moves the Angel of Moloch out of its way!
 The fire giant misses!
 You hear a chugging sound.
 The priestess of Moloch casts a spell!
 The priestess of Moloch transforms a clump of sticks into snakes!
 You hit the snake.
 You hear Ron the Sharpshooter reading a scroll of create monster.
 A purple worm suddenly appears close by!
 You kill the snake!
 Famine moves the fire giant out of the way!
 The snake misses!
 You hear some noises.
 The displacer beast moves the Angel of Moloch out of its way!
 You hear some noises in the distance.
 You hear a chugging sound.
 The Angel of Moloch misses!
 The Angel of Moloch hits!
 The Angel of Moloch misses!
 You hear some noises.
 You hear some noises in the distance.
 You hit Famine.
 You hear a masticating sound.
 Famine reaches out, and your body shrivels.
 Famine touches you!
 Death moves the fire ant out of the way!
 The snake misses!
 You hear some noises.
 The displacer beast moves the fire ant out of its way!
 The fire ant misses!
 The fire ant misses!
 You hear some noises in the distance.
 The priest of Moloch casts a spell!
 The priest of Moloch transforms a clump of sticks into snakes!
 You hear a chugging sound.
 You hit Famine.
 Famine reaches out, and your body shrivels.
 You die...
 Do you want your possessions identified? [ynq] (y) y
 Do you want to see your attributes? [ynq] (y) y
 Do you want an account of creatures vanquished? [ynaq] (y) y
 Do you want a list of species genocided and extinct? [ynaq] (y) y
 Do you want to see your conduct and achievements? [ynq] (y) y
 Do you want to see the dungeon overview? [ynq] (y) y

Inventory:
 Coins    ('$')
  $ - 4 gold pieces
 Amulets  ('"')
  Q - an uncursed amulet of flying (being worn)
  n - a blessed amulet of life saving
  i - the Amulet of Yendor named real
 Weapons  (')')
  V - 20 poisoned +5 darts (at the ready)
  o - a +6 silver saber (weapon in right hand)
 Armor    ('[')
  A - a blessed tempered +4 helm of brilliance (being worn)
  L - a blessed greased rustproof +4 pair of gauntlets of power (being worn)
  J - an uncursed greased fireproof +4 pair of speed boots (being worn)
  t - an uncursed fireproof +4 shield of drain resistance (being worn)
  u - an uncursed fireproof +4 cloak of magic resistance (being worn)
  l - an uncursed +5 Hawaiian shirt with a tropical fish motif (being worn)
  h - a blessed rotproof +4 gray dragon scale mail (being worn)
 Comestibles  ('%')
  G - an uncursed food ration
  w - a blessed greased homemade tin of displacer beast meat
  F - an uncursed greased lizard corpse
 Rings    ('=')
  P - an uncursed ring of free action (on left hand)
  a - an uncursed ring of shock resistance (on right hand)
 Wands    ('/')
  g - a wand of death (5:6)
  b - a wand of stasis (1:3)
  I - a wand of teleportation (0:7)
 Tools    ('(')
  s - an uncursed bag of holding containing 77 items
  j - an uncursed sack containing 2 items
  d - a blessed magic harp (7:0)
  x - the blessed Bell of Opening (0:1)
  y - the blessed Platinum Yendorian Express Card
  z - an uncursed greased skeleton key
  S - an uncursed stethoscope
  c - a blessed +0 unicorn horn named crowned,disintres
 Gems/Stones  ('*')
  E - an uncursed citrine stone
  K - 2 uncursed topaz stones
  R - 2 blessed luckstones

Contents of the sack:
  a blessed scroll of remove curse
  a wand of cancellation (0:5)

Contents of the bag of holding:
  543 gold pieces
  an uncursed amulet of flying
  an uncursed amulet of life saving
  a cursed greased amulet of life saving
  47 +4 darts
  the rustproof +3 Excalibur
  the greased rustproof +5 Fire Brand
  the rustproof +4 Trollsbane
  the rustproof +0 Snickersnee
  a cursed -1 helm of opposite alignment
  5 uncursed food rations
  2 uncursed tripe rations
  a blessed tin of Master of Thieves meat
  a blessed tin of Medusa meat
  3 blessed tins of Wizard of Yendor meat
  2 uncursed lizard corpses
  4 blessed scrolls of blank paper
  an uncursed scroll of blank paper
  a cursed scroll of blank paper
  2 uncursed scrolls of earth
  a blessed scroll of fire
  an uncursed scroll of food detection
  a cursed scroll of gold detection
  a blessed scroll of magic mapping
  2 uncursed scrolls of magic mapping
  3 blessed scrolls of remove curse
  an uncursed scroll of remove curse
  2 uncursed scrolls of scare monster
  2 blessed scrolls of teleportation
  6 uncursed scrolls of teleportation
  a cursed potion of booze
  3 uncursed potions of invisibility
  a blessed potion of monster detection
  an uncursed potion of monster detection
  a cursed potion of monster detection
  an uncursed potion of object detection
  a cursed potion of object detection
  3 uncursed potions of oil
  a cursed potion of restore ability
  2 uncursed potions of see invisible
  5 potions of holy water
  a potion of unholy water
  an uncursed ring of conflict
  an uncursed ring of conflict
  an uncursed ring of free action
  a blessed +3 ring of gain constitution
  an uncursed +3 ring of increase damage
  an uncursed ring of levitation
  an uncursed +3 ring of protection
  an uncursed ring of regeneration
  an uncursed ring of slow digestion
  a blessed greased ring of teleport control
  an uncursed ring of teleport control
  a greased wand of cold (2:5)
  a wand of cold (0:5)
  a wand of death (1:8)
  a wand of death (1:6)
  a wand of death (1:6)
  a wand of fire (0:5)
  a wand of speed monster (0:2)
  a wand of stasis (1:14)
  a wand of striking (0:5)
  an uncursed greased blindfold
  a magic marker (1:11)
  a +0 pick-axe
  a blessed tinning kit (0:21)
  an uncursed chrysoberyl stone
  3 uncursed citrine stones
  an uncursed diamond
  6 uncursed dilithium crystals
  5 uncursed fluorite stones
  an uncursed jasper stone
  3 uncursed jet stones
  3 uncursed obsidian stones
  4 uncursed opals
  an uncursed turquoise stone
  a blessed touchstone

DiePARTEI the Tourist's attributes:

Background:
 You were an Explorer, a level 26 male human Tourist.
 You were neutral, on a mission for The Lady
 who was opposed by Blind Io (lawful) and Offler (chaotic).
 You were right-handed.
 You were in the endgame, on the Astral Plane.
 You entered the dungeon 66760 turns ago.
 You had 60046002 experience points, 9953998 more were needed for level 27.

Basics:
 You had 0 out of 189 hit points.
 You had 73 out of 152 energy points (spell power).
 Your armor class was -42.
 Your wallet contained 4 zorkmids, and
 you had 543 more stashed away in your pack.
 Autopickup was off.

Final Characteristics:
 Your strength was 25 (base:18/35, innate limit:18/100).
 Your dexterity was 17 (peak:18, limit:18).
 Your constitution was 18 (limit:18).
 Your intelligence was 21 (base:17, peak:18, innate limit:18).
 Your wisdom was 21 (base:17, peak:18, innate limit:18).
 Your charisma was 18 (limit:18).

Final Status:
 You were flying.
 You were temporarily blind.
 You weren't hungry.
 You were burdened; movement was slightly slowed.
 You were wielding a saber.
 You were skilled in saber.

Final Attributes:
 You were the Envoy of Balance.
 You were piously aligned.
 You were magic-protected.
 You were fire resistant.
 You were cold resistant.
 You were sleep resistant.
 You were disintegration resistant.
 You were shock resistant.
 Your items were protected from electric shocks.
 You were poison resistant.
 You were level-drain resistant.
 You would have seen invisible when not blind.
 You were telepathic.
 You had automatic searching.
 You were invisible to others.
 You had a moderate defense bonus (+9).
 You were warded.
 You took half spell damage.
 You were very fast.
 You had free action.
 You were extremely lucky.
 You had extra luck.
 Good luck did not time out for you.
 You are dead.

Miscellaneous:
 You encountered 3 bones levels.
 Total elapsed playing time was 19 hours, 51 minutes and 11 seconds.

Major events:
 Turn
    1: DiePARTEI the neutral male human Tourist entered the dungeon
 1107: entered the Gnomish Mines
 1144: attained the rank of Sightseer (level 3)
 1761: reached Mine Town
 2220: attained the rank of Excursionist (level 6)
 3307: chose a runed dagger to be named "Sting"
 3797: was bestowed with Werebane by The Lady
 5935: made his first wish - "blessed greased rustproof fireproof erodeproof +2 gauntlets of power", got "a greased pair of padded gloves"
 8122: was bestowed with Giantslayer by The Lady
 8688: was bestowed with Trollsbane by The Lady
15905: attained the rank of Peregrinator (level 10)
16331: entered Sokoban
16527: completed 1st Sokoban level
17360: completed 2nd Sokoban level
18069: completed 3rd Sokoban level
18683: completed 4th Sokoban level
18926: acquired the Sokoban bag of holding
20923: was bestowed with Fire Brand by The Lady
22589: acquired the Mines' End luckstone
28533: entered Home 1, the Quest
33427: found Excalibur on the floor
33427: found Snickersnee on the floor
34696: performed his first genocide (disenchanters)
36075: became The Lady's Envoy of Balance
36075: was bestowed with Vorpal Blade
37116: attained the rank of Traveler (level 14)
37419: Twoflower has granted access to proceed deeper into the quest
37426: entered Home 2, the Quest
37757: entered Home 3, the Quest
38707: genocided class ;
38709: genocided master mind flayers
39350: entered Home 4, the Quest
39379: genocided mind flayers
39430: genocided class L
39675: entered Home 5, the Quest
40024: wished for "blessed greased rustproof fireproof erodeproof fixed +2 helm of brilliance", got "a greased crystal helmet"
40491: found the Platinum Yendorian Express Card on the floor
40498: killed the Master of Thieves
40499: acquired the Bell of Opening
44250: killed Medusa
46086: genocided class D
46344: genocided rust monsters
46361: wished for "blessed fireproof rustproof erodeproof fixed +2 shield of drain resistance", got "a shield of drain resistance"
46365: genocided green slimes
46791: wished for "blessed greased fireproof +2 cloak of magic resistance", got "a greased cloak of magic resistance"
46822: wished for "2 magic markers", got "a magic marker"
47232: attained the rank of Journeyer (level 18)
47350: entered Gehennom
49345: killed Juiblex
49966: bribed Asmodeus with 25 zorkmids for safe passage
50321: bribed Baalzebub with 20 zorkmids for safe passage
51675: destroyed Vlad the Impaler
51681: acquired the Candelabrum of Invocation
51892: wished for "blessed greased fixed rustproof fireproof erodeproof +2 gray dragon scale mail", got "a greased gray dragon scale mail"
53837: attained the rank of Voyager (level 22)
54014: killed Orcus
61325: killed Yeenoghu
61713: killed the Wizard of Yendor
61726: acquired the Book of the Dead
62100: performed the invocation
63339: killed the Wizard of Yendor (2nd time)
63567: killed the high priest of Moloch
63590: acquired The Amulet of Yendor
63591: wished for "blessed +2 silver saber", got "a silver saber"
64323: attained the rank of Explorer (level 26)
65097: killed the Wizard of Yendor (3rd time)
65413: killed the Wizard of Yendor (5th time)
66105: entered the Elemental Planes
66105: entered Plane of Earth
66265: entered Plane of Air
66308: entered Plane of Fire
66322: entered Plane of Water
66601: entered the Astral Plane
66615: killed Death
66638: killed Death (2nd time)
66656: killed Death (3rd time)
66712: wished for "2 blessed potions of full healing", got "2 potions of full healing"
66732: killed Famine
66739: killed Death (5th time)
66743: killed Famine (2nd time)
66760: killed by Famine

Spells:
 Name                 Level Category     Fail Retention
 protection             1   clerical      57%    (gone)
 force bolt             1   attack        57%    (gone)
 detect monsters        1   divination    57%    (gone)
 magic missile          2   attack        57%   26%-50%
 cure sickness          3   healing       66%    (gone)
 healing                1   healing       66%   26%-50%
 light                  1   divination    57%    (gone)
 fireball               4   attack        92%   26%-50%
 detect food            2   divination    57%    (gone)
 invisibility           4   escape        92%    (gone)
 levitation             4   escape        92%    (gone)
 knock                  1   matter        57%    (gone)
 cure blindness         2   healing       66%    1%-25%
 create monster         2   clerical      57%    1%-25%
 detect treasure        4   divination    92%    1%-25%
 stone to flesh         3   healing       57%    1%-25%
 jumping                1   escape        57%   51%-75%
 magic mapping          5   divination   100%   51%-75%

Skills:
 Fighting Skills
   bare handed combat [Skilled]
   two weapon combat  [Unskilled]
   riding             [Unskilled]
 Weapon Skills
   dagger             [Skilled]
   knife              [Unskilled]
   axe                [Unskilled]
   pick-axe           [Basic]
   short sword        [Unskilled]
   broadsword         [Unskilled]
   long sword         [Basic]
   two-handed sword   [Unskilled]
   saber              [Skilled]
   mace               [Unskilled]
   morning star       [Unskilled]
   flail              [Unskilled]
   hammer             [Unskilled]
   quarterstaff       [Unskilled]
   polearms           [Unskilled]
   spear              [Unskilled]
   trident            [Unskilled]
   lance              [Unskilled]
   bow                [Unskilled]
   sling              [Unskilled]
   crossbow           [Unskilled]
   dart               [Expert]
   shuriken           [Unskilled]
   boomerang          [Unskilled]
   whip               [Unskilled]
   unicorn horn       [Unskilled]
 Spellcasting Skills
   divination spells  [Unskilled]
   enchantment spells [Unskilled]
   escape spells      [Unskilled]

Voluntary challenges:
 Character rerolling was not enabled.
 You genocided 35 types of monsters.
 You never changed form.
 You used 8 wishes.
 You did not wish for any artifacts.
 You violated the special Sokoban rules 4 times.
Achievements:
 You entered the Gnomish Mines.
 You attained the rank of Sightseer.
 You entered Minetown.
 You entered a shop.
 You entered a temple.
 You attained the rank of Excursionist.
 You attained the rank of Peregrinator.
 You entered Sokoban.
 You completed Sokoban.
 You completed the Gnomish Mines.
 You attained the rank of Traveler.
 You had the Bell of Opening.
 You defeated Medusa.
 You attained the rank of Journeyer.
 You entered Gehennom.
 You handled the Candelabrum of Invocation.
 You attained the rank of Voyager.
 You handled the Book of the Dead.
 You gained access to Moloch's Sanctum.
 You had the Amulet of Yendor.
 You attained the rank of Explorer.
 You reached the Elemental Planes.
 You reached the Astral Plane.

 The Elemental Planes:
    Astral Plane: <- You were here.
       A temple and an altar.
       Final resting place for
          you, killed by Famine.
    Plane of Water:
    Plane of Fire:
    Plane of Air:
    Plane of Earth:
 The Dungeons of Doom: levels 1 to 29
    Level 1:
       A sink.
       One way stairs up to The Elemental Planes.
    Level 2:
       An altar.
    Level 3:
       Some altars.
       Stairs down to The Gnomish Mines.
    Level 4:
       A general store, some graves.
       Final resting place for
          GdeVolpiano-Arc-Hum-Mal-Neu, killed by a guardian naga, while paralyzed,
          jvanheel-Rog-Hum-Mal-Cha, killed by a guardian naga, while paralyzed.
    Level 5:
    Level 6:
       An altar.
    Level 7:
       Some shops.
       Final resting place for
          unbowed24-Wiz-Hum-Mal-Neu, killed by an Elvenking.
    Level 8:
       An altar.
    Level 9:
       Some fountains.
       Oracle of Delphi.
    Level 10:
       A general store, a grave.
       Stairs up to Sokoban, level 9.
    Level 11:
    Level 12:
       A fountain.
    Level 13:
    Level 14:
    Level 15:
       An altar.
       Portal to The Quest.
    Level 16:
       A sink.
    Level 17:
       An altar to The Lady.
    Level 18:
       A primitive area.
    Level 19:
    Level 20:
       Some fountains, a grave.
    Level 21:
       Some altars.
    Level 22:
       Final resting place for
          jannesarvikivi-Sam-Hum-Mal-Law, killed by a lieutenant,
          pugman-Cav-Dwa-Mal-Law, killed by a lieutenant, while reading a book.
    Level 23:
    Level 24:
    Level 25:
       A grave.
    Level 26:
    Level 27:
    Level 28:
    Level 29:
       A fountain.
       The castle.
 Gehennom: levels 30 to 52
    Level 30:
       A temple and an altar, many graves.
       Valley of the Dead.
    Level 31:
    Level 32:
    Level 33:
    Level 34:
       Many fountains.
    Level 35:
    Level 36:
    Level 37:
    Level 38:
       Stairs up to Vlad's Tower, level 37.
    Level 39: "orcus"
       Some shops, an altar, many graves.
    Level 40:
    Level 41:
    Level 42:
    Level 43:
    Level 44:
    Level 45:
    Level 46:
    Level 47:
    Level 48:
    Level 49:
    Level 50:
    Level 51:
    Level 52:
       A temple and an altar, many graves.
       Moloch's Sanctum.
 The Gnomish Mines: levels 4 to 11
    Level 4:
    Level 5:
    Level 6:
       Many shops, a temple and an altar to The Lady, some fountains.
    Level 7:
    Level 8:
    Level 9:
    Level 10:
    Level 11:
 The Quest: levels 1 to 5
    Level 1:
       Some graves.
       Completed quest for Twoflower.
    Level 2:
    Level 3:
       Some shops, a temple, a grave.
    Level 4:
    Level 5:
       Some shops, many graves.
 Sokoban: levels 9 up to 6
    Level 6:
       Solved.
    Level 7:
       Solved.
    Level 8:
       Solved.
    Level 9:
       Solved.
 Vlad's Tower: levels 37 up to 35
    Level 35:
    Level 36:
    Level 37:


Vanquished creatures:
    Orcus
    Yeenoghu
  3 erinyes
    Juiblex
the Wizard of Yendor (9 times)
    Death (5 times)
    Famine (twice)
    Vlad the Impaler
  a high cleric
  4 mastodons
    Medusa
  2 krakens
the Master of Thieves
 17 iron golems
  a ki-rin
 23 storm giants
  a titan
  5 glass golems
  7 balrogs
  7 purple worms
  a gray dragon
  3 gold dragons
  2 silver dragons
  a white dragon
 an orange dragon
  2 black dragons
  2 green dragons
  2 yellow dragons
 28 minotaurs
 15 jabberwocks
 16 baluchitheria
 14 Angels
 10 stone golems
  9 Olog-hai
  a Nazgul
 13 pit fiends
  7 sandestins
 14 hell hounds
  7 displacer beasts
 11 titanotheres
  7 trappers
  a baby gray dragon
  a baby white dragon
  9 guardian nagas
 14 genetic engineers
 49 vampire leaders
 11 skeletons
 15 aligned clerics
 19 captains
  6 shades
  a lich
  5 water trolls
  4 clay golems
 19 nurses
 20 ice devils
 21 nalfeshnees
 11 lurkers above
  4 Aleaxes
  5 frost giants
  8 ettins
  3 golden nagas
  6 black puddings
 27 vampires
  9 lieutenants
 53 ghosts
  2 queen bees
  7 winged gargoyles
  2 mind flayers
 14 giant mimics
 13 long worms
 16 zruties
 16 fire giants
 20 ogre tyrants
  3 ice trolls
 12 rock trolls
  8 umber hulks
  7 flesh golems
 17 elven monarchs
  6 doppelgangers
 34 hezrous
 42 bone devils
 16 large mimics
  7 wumpuses
 18 fire vortices
  8 couatls
 26 stalkers
  4 air elementals
 15 fire elementals
 16 earth elementals
  9 water elementals
  9 hill giants
 13 giant mummies
  2 black nagas
 27 xorns
 24 giant zombies
 24 elf-nobles
 36 sergeants
  3 water demons
 12 barbed devils
 53 vrocks
  9 salamanders
 21 wargs
  2 winter wolves
 23 hell hound pups
 42 small mimics
  2 glass piercers
  9 warhorses
 17 steam vortices
 19 xans
  5 ettin mummies
  7 ogre leaders
 13 quantum mechanics
 29 trolls
  a sasquatch
  4 wood golems
 16 mariliths
  a djinni
 23 gelatinous cubes
 12 pyrolisks
  2 large dogs
  4 freezing spheres
 25 flaming spheres
 13 shocking spheres
  3 large cats
 16 tigers
  9 gargoyles
  3 dwarf rulers
  7 tengu
 14 ochre jellies
 14 leocrottas
  6 energy vortices
  9 mountain centaurs
  9 stone giants
  9 elf mummies
  3 human mummies
 11 red nagas
  a green slime
 10 pythons
 12 pit vipers
 40 cobras
 58 wraiths
 13 carnivorous apes
 24 ettin zombies
  4 leather golems
 14 Grey-elves
120 soldiers
  2 watchmen
 26 amorous demons
 17 horned devils
  9 chameleons
  2 crocodiles
105 giant beetles
  5 quivering blobs
 28 cockatrices
 10 wolves
  6 winter wolf cubs
  5 lynxes
  2 panthers
127 gremlins
  4 spotted jellies
 73 leprechauns
  2 orc-captains
  5 iron piercers
  4 mumakil
106 giant spiders
 18 scorpions
  4 horses
  2 ice vortices
  a baby long worm
 16 black lights
  9 vampire bats
 31 forest centaurs
  5 gnome rulers
  3 orc mummies
  2 dwarf mummies
  5 ogres
 13 brown puddings
  8 rust monsters
 23 owlbears
  8 yetis
  5 gold golems
  2 werewolves
 11 Green-elves
  3 piranha
  4 giant eels
 14 lizards
  6 chickatrices
  3 dingoes
  a dog
  2 housecats
  7 jaguars
  6 dwarf leaders
  4 blue jellies
  4 white unicorns
  2 black unicorns
  7 dust vortices
 10 ravens
  5 plains centaurs
  a Kop Kaptain
  4 gnome mummies
 19 snakes
  4 apes
 39 human zombies
  5 rope golems
 17 Woodland-elves
114 soldier ants
 89 fire ants
 10 bugbears
  3 imps
  4 lemures
  7 quasits
  3 wood nymphs
  8 water nymphs
 14 mountain nymphs
  4 Mordor orcs
 25 Uruk-hai
  5 orc shamans
 14 rock piercers
 10 rock moles
  5 ponies
 10 fog clouds
 17 yellow lights
  8 shriekers
 11 violet fungi
 24 gnome leaders
  9 gnomish wizards
  5 Kop Lieutenants
  4 kobold mummies
  6 gray oozes
  4 barrow wights
 21 elf zombies
 10 ghouls
  4 straw golems
  4 paper golems
  3 jellyfish
115 giant ants
  2 little dogs
 18 floating eyes
 27 dwarves
  3 homunculi
  3 kobold leaders
  3 kobold shamans
 33 hill orcs
 49 rothes
  3 rabid rats
  7 centipedes
  6 giant bats
  a monkey
 21 orc zombies
 18 dwarf zombies
  3 wererats
  5 werejackals
 21 iguanas
117 killer bees
  5 acid blobs
 12 coyotes
  5 gas spores
 11 hobbits
  7 manes
  4 large kobolds
 16 hobgoblins
  6 giant rats
 15 cave spiders
  4 brown molds
  3 yellow molds
  7 green molds
 70 gnomes
  6 Keystone Kops
 13 garter snakes
 21 gnome zombies
 21 geckos
 29 jackals
  7 foxes
  a kobold
  7 goblins
  8 sewer rats
 14 grid bugs
  4 bats
 14 lichens
 16 kobold zombies
 12 newts
3948 creatures vanquished.

Genocided or extinct species:
 erinyes (extinct)
 arch-liches
 krakens
 master liches
 gray dragons
 gold dragons
 silver dragons
 red dragons
 white dragons
 orange dragons
 black dragons
 blue dragons
 green dragons
 yellow dragons
 demiliches
 master mind flayers
 baby gray dragons
 baby gold dragons
 baby silver dragons
 baby red dragons
 baby white dragons
 baby orange dragons
 baby black dragons
 baby blue dragons
 baby green dragons
 baby yellow dragons
 disenchanters
 liches
 mind flayers
 sharks
 electric eels
 green slimes
 soldiers (extinct)
 giant beetles (extinct)
 rust monsters
 piranha
 giant eels
 soldier ants (extinct)
 fire ants (extinct)
 jellyfish
 giant ants (extinct)
 killer bees (extinct)
35 species genocided.
7 species extinct.

Game over:
                       ----------
                      /          \
                     /    REST    \
                    /      IN      \
                   /     PEACE      \
                  /                  \
                  |    DiePARTEI     |
                  |      547 Au      |
                  | killed by Famine |
                  |                  |
                  |                  |
                  |                  |
                  |       2026       |
                 *|     *  *  *      | *
        _________)/\\_//(\/(/\)/\//\/|_)_______

Aloha DiePARTEI the Tourist...

You died in The Astral Plane with 1920691 points,
and 547 pieces of gold, after 66760 moves.
You were level 26 with a maximum of 189 hit points when you died.

